 Dungeon Sprint DCSS version 0.20.1-1-g8b1a95d (webtiles) character file.

3152 wojtek the Bludgeoner (level 9, -1/91 HPs)
             Began as a Minotaur Berserker on Jan 2, 2018.
             Was a Priest of Trog.
             Succumbed to a death drake's dark miasma
             ... in the Dungeon (Sprint II: "The Violet Keep of Menkaure").
             The game lasted 00:04:03 (1345 turns).

wojtek the Bludgeoner (Minotaur Berserker)          Turns: 1345, Time: 00:04:04

Health: -1/91      AC:  3    Str: 24    XL:     9   Next: 62%
Magic:  8/8        EV: 18    Int:  4    God:    Trog [***...]
Gold:   1053       SH:  0    Dex: 11    Spells: 8/8 levels left

rFire    . . .     SeeInvis .   a - +0 mace
rCold    . . .     Gourm    .   (no shield)
rNeg     . . .     Faith    .   b - +0 animal skin
rPois    .         Spirit   .   (helmet restricted)
rElec    .         Reflect  .   (no cloak)
rCorr    .         Harm     .   (no gloves)
MR       .....     NoTele   +   (no boots)
Stlth    +.........             (no amulet)
Regen    0.0/turn               (no ring)
MPRegen  0.2/turn               (no ring)

@: lethally poisoned (-1 -> -27), berserk cooldown, non-regenerating, badly
diseased, slowed, very slow
A: retaliatory headbutt, horns 2
a: Berserk, Trog's Hand, Burn Spellbooks, Renounce Religion


You were in the Dungeon.
You worshipped Trog.
Trog was most pleased with you.
You were not hungry.

You visited 1 branch You collected 1053 gold pieces.

Inventory:

Hand Weapons
 a - a +0 mace (weapon)
Armour
 b - a +0 animal skin (worn)
Scrolls
 i - a scroll of blinking
Potions
 f - a potion of haste
 g - 2 potions of magic
 h - a potion of berserk rage


   Skills:
 + Level 12.3 Fighting
 * Level 16.3 Maces & Flails
 + Level 12.0 Armour
 + Level 11.2 Dodging


You had 8 spell levels left.
You didn't know any spells.

Dungeon Overview and Level Annotations

Branches:
Dungeon (1/1)

Altars:
Cheibriados
Dithmenos
Elyvilon
Fedhas
Gozag
Hepliaklqana
Kikubaaqudgha
Makhleb
Nemelex Xobeh
Okawaru
Ru
Sif Muna
Trog
Uskayaw
Vehumet
Xom
Yredelemnul
Zin
Beogh
Jiyva
Lugonu

Shops:
D *=:(:!([?!%%([=}

Annotations:
D exclusion: oklob plant


Innate Abilities, Weirdness & Mutations

You reflexively headbutt those who attack you in melee.
You have a pair of horns on your head.


Message History

You feel a strong urge to attack something.
* * * LOW HITPOINT WARNING * * *
You feel very sick.
* * * LOW HITPOINT WARNING * * *
You feel sick.
You feel your anger subside.
You are no longer berserk.
You are exhausted.
You feel as though you will be slow longer.
* * * LOW HITPOINT WARNING * * *
You feel sick.
Things that are here:
an uncursed arbalest of freezing; 19 bolts
Okay, then.
* * * LOW HITPOINT WARNING * * *
You feel very sick.
There is a lethal amount of poison in your body!
Unknown command.
There is a lethal amount of poison in your body!
Unknown command.
You die...

+##.. #. . ..##.####
+.##8 #..# ...# ...####
).####..## #..##.#
'###.##..# +.k#@.#
.##.#.#..# #.§#.)# )
<.'###'..####..##.# $%?
.##.#.#...§###.^.##▓▓▓▓▓
'###.##......≈≈≈(≈≈≈≈≈≈≈
#.####≈≈..§..≈#+########
#..#≈≈≈≈§≈≈..≈#....._._#
#.##≈≈≈≈≈§≈≈.≈#...._._.#
+##≈≈≈≈≈§≈§≈≈§#..._._._#


There were no monsters in sight!

Vanquished Creatures
  2 death drakes (D)
  A merfolk siren (D)
  A yaktaur (D)
  A polar bear (D)
  2 tyrant leeches (D)
  2 hippogriffs (D)
  Menkaure (D)
  4 necrophages (D)
14 creatures vanquished.

Vanquished Creatures (collateral kills)
  2 polar bears (D)
  A hornet (D)
  A swamp drake (D)
4 creatures vanquished.

Vanquished Creatures (others)
  A crocodile (D)
1 creature vanquished.

Grand Total: 19 creatures vanquished

Notes
Turn   | Place    | Note
-------+----------+-------------------------------------------
     0 | D        | wojtek the Minotaur Berserker began the quest for the Orb.
     0 | D        | Reached XP level 1. HP: 19/19 MP: 0/0
     1 | D        | Noticed a merfolk siren
     8 | D        | Killed a merfolk siren
     8 | D        | Reached skill level 10 in Maces & Flails
     8 | D        | Reached XP level 2. HP: 12/35 MP: 1/1
     8 | D        | Reached XP level 3. HP: 14/40 MP: 2/2
     8 | D        | Reached XP level 4. HP: 16/48 MP: 3/3
     8 | D        | Reached XP level 5. HP: 18/53 MP: 4/4
     8 | D        | Reached XP level 6. HP: 21/61 MP: 5/5
   233 | D        | Noticed a hippogriff
   233 | D        | Noticed a hippogriff
   239 | D        | Killed a hippogriff
   239 | D        | Reached ** piety under Trog
   239 | D        | Reached skill level 11 in Maces & Flails
   239 | D        | Reached XP level 7. HP: 69/69 MP: 6/6
   245 | D        | Killed a hippogriff
   245 | D        | Reached skill level 12 in Maces & Flails
   383 | D        | Noticed a tyrant leech
   383 | D        | Noticed a tyrant leech
   403 | D        | Reached *** piety under Trog
   403 | D        | Reached skill level 13 in Maces & Flails
   411 | D        | Reached skill level 10 in Fighting
   420 | D        | Reached XP level 8. HP: 47/77 MP: 7/7
   627 | D        | Killed a tyrant leech
   627 | D        | Reached skill level 10 in Armour
   634 | D        | Killed a tyrant leech
   634 | D        | Reached **** piety under Trog
   634 | D        | Reached skill level 14 in Maces & Flails
   685 | D        | Found Bisheana's Jewellery Boutique.
   685 | D        | Found Onky's Antique Weapon Shop.
   685 | D        | Found Kuaheun's Distillery.
   685 | D        | Found Roemoss's Food Boutique.
   685 | D        | Found Paugam's Magic Scroll Shop.
   686 | D        | Found Qeepneisk's Gadget Shop.
   686 | D        | Found Feerah's Food Shop.
   686 | D        | Found Jehot's Antique Armour Shop.
   687 | D        | Found Qipy's Antique Armour Boutique.
   687 | D        | Found Zathom's Antique Weapon Shop.
   687 | D        | Found Ecsyde's Distillery.
   687 | D        | Noticed Menkaure
   703 | D        | Killed Menkaure
   705 | D        | Found Ihuciowk's Book Shop.
   705 | D        | Found Waoruon's Antique Weapon Boutique.
   705 | D        | Noticed an oklob plant
   705 | D        | Noticed a great orb of eyes
   706 | D        | Found Visuthraff's Jewellery Shop.
   706 | D        | Found Poudecal's General Store.
   706 | D        | Found Douga's Book Shoppe.
   711 | D        | Noticed a flying skull
   761 | D        | Found a snail-covered altar of Cheibriados.
   762 | D        | Found a shadowy altar of Dithmenos.
   763 | D        | Found a white marble altar of Elyvilon.
   763 | D        | Found an ancient bone altar of Kikubaaqudgha.
   763 | D        | Found a roughly hewn altar of Beogh.
   763 | D        | Found a viscous altar of Jiyva.
   764 | D        | Found a blossoming altar of Fedhas.
   764 | D        | Found a corrupted altar of Lugonu.
   764 | D        | Found a deep blue altar of Sif Muna.
   765 | D        | Found an opulent altar of Gozag.
   765 | D        | Found a burning altar of Makhleb.
   765 | D        | Found a bloodstained altar of Trog.
   765 | D        | Found a hazy altar of Hepliaklqana.
   765 | D        | Found a sacrificial altar of Ru.
   765 | D        | Found a shimmering altar of Xom.
   766 | D        | Found a sparkling altar of Nemelex Xobeh.
   766 | D        | Found a hide-covered altar of Uskayaw.
   767 | D        | Found an iron altar of Okawaru.
   767 | D        | Found a radiant altar of Vehumet.
   767 | D        | Found a glowing silver altar of Zin.
   828 | D        | Noticed a yaktaur
   828 | D        | Noticed a hornet
   828 | D        | Noticed a polar bear
   829 | D        | Noticed a polar bear
   831 | D        | Killed a polar bear
   833 | D        | Killed a polar bear
   833 | D        | Reached skill level 10 in Dodging
   834 | D        | Killed a hornet
   835 | D        | Noticed a polar bear
   841 | D        | Killed a yaktaur
   841 | D        | Reached skill level 15 in Maces & Flails
   841 | D        | Reached XP level 9. HP: 75/87 MP: 8/8
   846 | D        | Killed a polar bear
   989 | D        | Found a basalt altar of Yredelemnul.
  1103 | D        | Noticed a death drake
  1110 | D        | Killed a death drake
  1110 | D        | Reached skill level 16 in Maces & Flails
  1328 | D        | Noticed a death drake
  1329 | D        | Noticed a crystal guardian
  1339 | D        | Killed a death drake
  1343 | D        | HP: 4/91 [poisoned by a death drake (dark miasma)]
  1344 | D        | HP: 1/91 [poisoned by a death drake (dark miasma)]
  1345 | D        | Succumbed to a death drake's dark miasma

Skill      XL: |  1  2  3  4  5  6  7  8  9 |
---------------+----------------------------+-----
Fighting       | 8 10 11 12 | 12.3
Maces & Flails | 10 11 13 15 16 | 16.3
Armour         | 7 8 9 11 12 | 12.0
Dodging        | 7 9 10 11 | 11.2

Action                   |  1- 3 |  4- 6 |  7- 9 || total
-------------------------+-------+-------+-------++-------
Melee: Mace              |     5 |     5 |    73 ||    83
       Headbutt          |     1 |     1 |    23 ||    25
Invok: Berserk           |     1 |     1 |     4 ||     6
       Brothers in Arms  |       |       |     3 ||     3
  Use: Potion            |       |       |     2 ||     2
  Eat: Chunk             |       |       |     5 ||     5
       Bread ration      |       |       |     1 ||     1
Armor: Animal skin       |       |       |     3 ||     3
Dodge: Dodged            |     2 |     2 |    33 ||    37
